AoeStats
← A Bá

Nomad

510112147Analyzed
4v4 RM · 4d ago on Sep 29, 2026· 18m 57s· 8 players
Game mode
Random Map
Map size
231×231
Population
200
Speed
Normal
Resources
Standard
Victory
Conquest
Starting age
Dark Age
Ending age
Imperial Age
RankedLock teamsTeams togetherTeam positionsShared explorationLock speedFull tech treeHidden civsTurbo modeCheats
Victory
Defeat
🇨🇳 Koreans · China
1283
+16
🇭🇰 Spanish · Hong Kong SAR China
1276
+17
🇨🇳 Danes · China
1269
+17
🇦🇷 Saracens · Argentina
1211
+19
🇨🇳 Malay · China
1294
-18
🇦🇺 Tupi · Australia
1291
-17
🇨🇳 Khmer · China
1289
-17
🇻🇳 Persians · Vietnam
1277
-17
仙逆许木
8:09 Loom
13:35 Feudal Age
19:09 Castle Age
17:04 Double-Bit Axe
18:06 Town Watch
cuaiern
3:50 Loom
12:58 Feudal Age
17:03 Castle Age
16:21 Double-Bit Axe
16:45 Fletching
18:00 Crossbowman
野 人
3:53 Loom
13:19 Feudal Age
17:18 Castle Age
15:48 Double-Bit Axe
16:41 Stone Mining
18:44 Bow Saw
动车的车头
12:00 Loom
14:09 Feudal Age
17:38 Castle Age
15:52 Fishing Lines
16:12 Double-Bit Axe
16:19 Stone Mining
18:39 Bow Saw
18:24 Gillnets
Súc Vật Du Phong
4:01 Loom
14:17 Feudal Age
18:48 Castle Age
18:34 Double-Bit Axe
SkullBump
5:32 Loom
随机便投
5:10 Loom
13:58 Feudal Age
17:45 Castle Age
15:53 Double-Bit Axe
16:29 Fishing Lines
A Bá
4:54 Loom
15:32 Feudal Age
20:18 Castle Age
18:34 Double-Bit Axe
19:19 Gold Mining
Connection lost

Rejoining the realm…

Still unreachable

The connection could not be restored.

Session expired

The server has moved on; the page needs a fresh start.